AoeStats
← akbolso

Arena

509675522Analyzed
1v1 RM · 3d ago on Sep 27, 2026· 30m 18s· 2 players
Game mode
Random Map
Map size
Tiny (2 player)
Population
200
Speed
Normal
Resources
Standard
Victory
Conquest
Starting age
Dark Age
Ending age
Imperial Age
RankedLock teamsTeams togetherTeam positionsShared explorationLock speedFull tech treeHidden civsTurbo modeCheats
Victory
Defeat
🇺🇾 Turks · Uruguay
1015
+17
🇬🇧 Vietnamese · United Kingdom
1032
-17
akbolso
12:10 Feudal Age
15:56 Castle Age
20:26 Imperial Age
18:50 Double-Bit Axe
21:27 Horse Collar
24:47 Padded Archer Armor
27:04 Leather Archer Armor
bertie.horne
10:12 Feudal Age
12:50 Double-Bit Axe
12:48 Horse Collar
13:01 Gold Mining
14:23 Stone Mining
17:30 Castle Age
17:17 Loom
18:41 Wheelbarrow
18:39 Bow Saw
18:34 Heavy Plow
22:14 Fletching
22:26 Elite Skirmisher
25:10 Padded Archer Armor
25:09 Bodkin Arrow
25:51 Hand Cart
28:25 Imperial Age
27:37 Leather Archer Armor
30:26 Chemistry
30:06 Ring Archer Armor
Connection lost

Rejoining the realm…

Still unreachable

The connection could not be restored.

Session expired

The server has moved on; the page needs a fresh start.